 Dungeon Crawl Stone Soup version 0.22-a0-538-g76cc104 (webtiles) character file.

25036 iamserjio the Basher (level 13, -3/93 HPs)
             Began as an Octopode Wanderer on June 23, 2018.
             Was an Elder of Okawaru.
             Slain by a skeletal warrior
             ... wielding a +2 glaive of flaming
              (16 damage)
             ... in a volcano.
             The game lasted 01:13:53 (19595 turns).

iamserjio the Basher (Octopode Wanderer)           Turns: 19595, Time: 01:13:53

Health: -3/93      AC:  7    Str: 14    XL:     13   Next: 17%
Magic:  14/20      EV: 20    Int: 21    God:    Okawaru [****..]
Gold:   473        SH: 19    Dex: 12    Spells: 12/22 levels left

rFire    . . .     SeeInvis .   L - +1 war axe (elec)
rCold    . . .     Gourm    .   x - +3 shield
rNeg     . . .     Faith    .   k - +2 hat
rPois    .         Spirit   .   j - +5 amulet of reflection
rElec    .         Reflect  +   R - +4 ring of protection
rCorr    +         Harm     .   a - +5 ring of intelligence
MR       .....                  c - ring of resist corrosion
Stlth    ++++++....             (no ring)
HPRegen  0.25/turn              (no ring)
MPRegen  0.17/turn              (no ring)
                                (no ring)
                                (no ring)

@: heroism, finesse, very slightly contaminated
A: almost no armour, stealthy swim, amphibious, 8 rings, constrict 8, camouflage
1, gelatinous body 1
a: Heroism, Renounce Religion


You were in a volcano.
You worshipped Okawaru.
Okawaru was greatly pleased with you.
You were not hungry.

You visited 3 branches of the dungeon, and saw 15 of its levels.
You also visited: Ossuary, Bailey and Volcano.

You collected 1298 gold pieces.
You spent 825 gold pieces at shops.

Inventory:

Hand Weapons
 h - a +2 war axe of venom
 i - a +0 morningstar
 u - a +2 flail of protection
 G - the +1 mace of the People {crush, +Fly rF+ MR+ Int-3}
   (You found it on level 6 of the Dungeon)

   It inflicts extra damage upon your enemies.
   It affects your intelligence (-3).
   It protects you from fire.
   It affects your resistance to hostile enchantments.
   It lets you fly.
 H - a +0 broad axe
 L - a +1 war axe of electrocution (weapon)
Missiles
 w - a throwing net {!f}
 P - 9 javelins of returning (quivered)
 V - 6 silver javelins
Armour
 k - a +2 hat (worn)
 x - a +3 shield (worn)
 B - a +1 large shield of protection
 C - a +0 buckler
Jewellery
 a - a +5 ring of intelligence (right tentacle)
 c - a ring of resist corrosion (on tentacle)
 j - a +5 amulet of reflection (around mantle)
 m - an uncursed ring of ice
 R - a +4 ring of protection (left tentacle)
Wands
 y - a wand of polymorph (29)
 T - a wand of clouds (3)
 W - a wand of iceblast (4)
Scrolls
 e - a scroll of magic mapping
 f - 8 scrolls of teleportation
 l - 3 scrolls of immolation
 o - 2 scrolls of vulnerability
 p - a scroll of silence {unknown}
 q - 3 scrolls of fog
 r - 2 scrolls of amnesia
 v - 3 scrolls of blinking
 J - a scroll of enchant weapon {unknown}
 K - a scroll of noise {unknown}
 N - a scroll of fear {unknown}
 Y - a scroll of remove curse {@r2}
Potions
 b - 7 potions of curing {@q1}
 g - 4 potions of lignification
 n - 3 potions of magic
 s - 4 potions of might
 t - 6 potions of flight
 z - 3 potions of brilliance
 A - 2 potions of haste
 E - a potion of berserk rage {unknown}
 F - a potion of resistance {unknown}
 M - 2 potions of invisibility {unknown}
 S - 2 potions of degeneration {unknown}
Comestibles
 d - 28 rations


   Skills:
 + Level 10.4(15.4) Fighting
 + Level 12.9(17.9) Maces & Flails
 + Level 8.8(13.8) Dodging
 - Level 8.0(13.0) Stealth
 - Level 6.0(11.0) Shields
 + Level 5.0 Spellcasting
 - Level 2.0 Hexes
 * Level 3.1 Transmutations
 * Level 3.0 Earth Magic
 - Level 5.0 Invocations


You had 12 spell levels left.
You knew the following spells:

 Your Spells              Type           Power        Failure   Level  Hunger
a - Blink                 Tloc           N/A          26%         2    None
b - Slow                  Hex            ##......     12%         2    None
c - Statue Form           Tmut/Erth      ###......    100%        6    #######

Your spell library contained the following spells:

 Spells                   Type           Power        Failure   Level  Hunger
 Magic Dart               Conj           #...         19%         1    None
 Conjure Flame            Conj/Fire      #.......     47%         3    ##.....
 Mephitic Cloud           Conj/Pois/Air  #.......     47%         3    ##.....
 Iskenderun's Mystic Bla  Conj           #.......     87%         4    ####...
 Call Imp                 Summ           #.......     26%         2    None
 Dragon Form              Tmut           ###.......   100%        7    #######
 Fulminant Prism          Conj/Hex       #.........   75%         4    ####...
 Dazzling Spray           Conj/Hex       #.....       34%         3    ##.....
 Force Lance              Conj/Tloc      #.......     87%         4    ####...
 Searing Ray              Conj           #.....       26%         2    None
 Hydra Form               Tmut           ###.......   100%        6    #######
 Irradiate                Conj/Tmut      ##........   95%         5    #####..


Dungeon Overview and Level Annotations

Branches:
Dungeon (12/15)            Temple (0/1) D:5            Lair (2/6) D:8
 Shoals (0/4) Lair:2          Orc (1/2) D:10
  Snake: Lair:2-4    Spider: Lair:2-4

Altars:
Ashenzari
Cheibriados
Elyvilon
Fedhas
Gozag
Hepliaklqana
Okawaru
Ru
Uskayaw
Vehumet
Zin

Shops:
D:4 %   D:10 :

Annotations:
D:9 2 exclusions
D:10 exclusion: orange crystal statue


Innate Abilities, Weirdness & Mutations

You cannot wear most types of armour.
You are very stealthy in the water. (Stealth+)
You are amphibious.
You can wear up to eight rings at the same time.
You can use your tentacles to constrict eight enemies at once.
Your skin changes colour to match your surroundings (Stealth+).
Your rubbery body absorbs attacks. (AC +1, EV +1)


Message History

You closely miss the flying skull.
You constrict the skeletal warrior, but do no damage.
You block the skeletal warrior's attack.
You hit the skeletal warrior.
The skeletal warrior is heavily damaged.
You hit the flying skull.
You constrict the skeletal warrior, but do no damage.
You block the flying skull's attack.
You hit the skeletal warrior but do no damage.
You squeeze the skeletal warrior, but do no damage.
The skeletal warrior is heavily damaged.
Your shield prevents you from hitting the flying skull.
You constrict the skeletal warrior, but do no damage.
You hit the skeletal warrior.
The skeletal warrior is heavily damaged.
You closely miss the flying skull.
You constrict the skeletal warrior, but do no damage.
You block the flying skull's attack.
The skeletal warrior hits you with a glaive of flaming!
You die...

########### #..##.....####
........##...## ..............###
#### .....≈≈≈≈.......### ...#
...§§≈z§≈≈≈§§..z@.### ##.∩.#
..≈≈≈§§≈≈§§§≈§...z..##### ##.....
..§§§§§§§≈≈§§§§§≈.......## ......
§§§§§§§≈≈≈≈§≈≈§§≈≈≈≈...≈.###.#..#
≈≈≈§§≈≈§≈≈≈§§≈≈≈§§≈≈≈....§))z....
§§≈§≈§≈≈≈≈≈≈§§≈≈≈≈.....≈§###)#(.#
≈§§§§§ ≈≈§§§§§≈§≈§§..#.##.......
≈≈≈§§ ≈≈≈§§§§§§§≈≈§.######.....
≈§8§§ ≈§≈§§§≈≈≈≈≈≈## ##.##.


You could see a skeletal warrior and a flying skull.

Vanquished Creatures
  An ettin (Orc:1)
  6 two-headed ogres
  A skeletal warrior (Volcano)
  An anaconda skeleton (Volcano)
  An orc knight (D:10)
  A manticore (D:9)
  An ugly thing (D:11)
  A spiny frog (Lair:1)
  4 gargoyles
  2 komodo dragons
  3 trolls
  Prince Ribbit (D:8)
  5 hippogriffs
  13 yaks
  3 alligator skeletons (Volcano)
  Eustachio (D:4)
  3 hogs (D:7)
  A human (D:7)
  3 hungry ghosts
  5 wargs
  Menkaure (D:4)
  A water moccasin (Lair:1)
  4 porcupines (Lair:1)
  3 ice beasts
  24 orc warriors
  4 sky beasts
  A phantom (D:8)
  2 black bears
  11 centaurs
  An eye of draining (D:9)
  7 ogres
  A crocodile (Lair:2)
  A big kobold (D:4)
  Blork the orc (D:4)
  12 bullfrogs
  2 elf zombies (Ossuary)
  2 scorpions
  15 killer bees
  2 troll skeletons (Volcano)
  10 wights
  3 howler monkeys
  2 electric eels
  5 crimson imps
  A bullfrog zombie (D:7)
  6 hounds
  2 centaur zombies
  7 orc priests
  3 jellies
  13 orc wizards
  An iguana (D:6)
  Terence (D:2)
  Natasha (twice) (D:4)
  7 worker ants
  2 naga skeletons (Volcano)
  3 hound zombies (Ossuary)
  A hound skeleton (D:6)
  4 mummies
  2 howler monkey zombies
  A worker ant zombie (D:6)
  11 gnolls
  12 adders
  A shadow imp (D:9)
  2 oozes
  3 adder zombies (Ossuary)
  5 worms
  2 dart slugs (D:1)
  6 leopard geckos
  95 orcs
  11 bats
  2 giant cockroaches (D:1)
  2 gnoll zombies (Ossuary)
  3 goblins
  12 hobgoblins
  2 jackals (D:9)
  8 quokkas
  3 ball pythons
  2 frilled lizards
  8 goblin zombies
  2 hobgoblin zombies (Ossuary)
  2 jackal skeletons
  3 jackal zombies (Ossuary)
  8 kobolds
  3 kobold zombies (Ossuary)
  2 orc zombies
  A quokka skeleton (D:8)
  7 quokka zombies (Ossuary)
  11 rats
  A rat zombie (Ossuary)
458 creatures vanquished.

Vanquished Creatures (others)
  A flying skull (Volcano)
  3 centaurs
  An orc (D:3)
  A goblin (D:3)
  A plant (D:8)
7 creatures vanquished.

Grand Total: 465 creatures vanquished

Notes
Turn   | Place    | Note
-------+----------+-------------------------------------------
     0 | D:1      | iamserjio the Octopode Wanderer began the quest for the Orb.
     0 | D:1      | iamserjio set off with: a +2 mace, a potion of curing {@q1}, a +0 dagger, a ration
     0 | D:1      | Reached XP level 1. HP: 13/13 MP: 2/2
    52 | D:1      | Reached XP level 2. HP: 15/18 MP: 3/3
   244 | D:1      | Reached XP level 3. HP: 20/23 MP: 4/4
   300 | D:1      | Reached skill level 1 in Dodging
   577 | D:2      | Noticed Terence
  1028 | D:2      | Reached XP level 4. HP: 28/29 MP: 5/5
  1470 | D:2      | Killed Terence
  1832 | D:3      | Reached skill level 5 in Maces & Flails
  1832 | D:3      | Reached XP level 5. HP: 34/34 MP: 6/6
  2505 | D:4      | Noticed an ogre
  2510 | D:4      | Noticed Eustachio
  2510 | D:4      | Noticed an ogre
  2669 | D:4      | Noticed Natasha
  2676 | D:4      | Killed Natasha
  2729 | D:4      | Noticed Natasha
  2814 | D:4      | Noticed Blork the orc
  2829 | D:4      | Killed Blork the orc
  2829 | D:4      | Reached XP level 6. HP: 25/41 MP: 7/7
  2950 | D:4      | Found Toogol's Food Boutique.
  2977 | D:4      | Found a white marble altar of Elyvilon.
  3092 | D:4      | Killed Eustachio
  3092 | D:4      | Reached skill level 6 in Maces & Flails
  3092 | D:4      | Reached skill level 5 in Stealth
  3092 | D:4      | Reached XP level 7. HP: 45/46 MP: 8/8
  3189 | D:4      | Noticed Menkaure
  3559 | D:4      | Found an iron altar of Okawaru.
  3565 | D:4      | Became a worshipper of Warmaster Okawaru
  4055 | D:4      | Killed Natasha
  4149 | D:4      | Killed Menkaure
  4149 | D:4      | Reached * piety under Okawaru
  4149 | D:4      | Reached skill level 7 in Maces & Flails
  4149 | D:4      | Reached XP level 8. HP: 54/54 MP: 9/9
  4235 | D:5      | Entered Level 5 of the Dungeon
  4285 | D:5      | Found a staircase to the Ecumenical Temple.
  4400 | D:5      | Found a sand-covered staircase.
  4405 | Ossuary  | Entered an ossuary
  4575 | Ossuary  | Reached skill level 1 in Invocations
  4746 | D:5      | Reached skill level 5 in Fighting
  4901 | D:5      | Found a shattered altar of Ashenzari.
  5023 | D:5      | Reached ** piety under Okawaru
  5436 | D:5      | Reached XP level 9. HP: 61/61 MP: 11/11
  6222 | D:6      | Reached skill level 1 in Shields
  6389 | D:6      | Found a snail-covered altar of Cheibriados.
  6389 | D:6      | Found an opulent altar of Gozag.
  6394 | D:6      | Found a hazy altar of Hepliaklqana.
  6396 | D:6      | Found a glowing silver altar of Zin.
  6398 | D:6      | Found a hide-covered altar of Uskayaw.
  7068 | D:6      | Found a blossoming altar of Fedhas.
  7120 | D:6      | Reached skill level 8 in Maces & Flails
  7345 | D:6      | Got a faintly glowing mace
  7752 | D:6      | Reached *** piety under Okawaru
  7984 | D:7      | Reached skill level 9 in Maces & Flails
  7984 | D:7      | Reached XP level 10. HP: 51/71 MP: 12/12
  8374 | D:7      | Found a radiant altar of Vehumet.
  8864 | D:7      | Found a sacrificial altar of Ru.
  8903 | D:7      | Identified the +1 mace of the People {crush, +Fly rF+ MR+ Int-3} (You found it on level 6 of the Dungeon)
  8909 | D:8      | Noticed a two-headed ogre
  9047 | D:8      | Reached **** piety under Okawaru
  9047 | D:8      | Reached skill level 10 in Maces & Flails
  9068 | D:8      | Learned a level 2 spell: Blink
  9071 | D:8      | Learned a level 2 spell: Slow
  9158 | D:8      | Reached skill level 5 in Dodging
  9224 | D:8      | Noticed Prince Ribbit
  9230 | D:8      | Killed Prince Ribbit
  9326 | D:8      | Found a staircase to the Lair.
  9356 | D:8      | Killed a two-headed ogre
  9362 | D:8      | Noticed a two-headed ogre
 10700 | D:9      | Reached XP level 11. HP: 67/77 MP: 5/15
 10724 | D:9      | Found a flagged portal.
 10730 | Bailey   | Entered a bailey
 11194 | Bailey   | Reached skill level 11 in Maces & Flails
 11898 | Bailey   | Reached ***** piety under Okawaru
 12548 | D:9      | Noticed a two-headed ogre
 12566 | D:9      | Killed a two-headed ogre
 12693 | D:9      | Noticed a manticore
 12708 | D:9      | Killed a manticore
 12878 | D:9      | Found a shattered altar of Ashenzari.
 12962 | D:9      | Noticed a two-headed ogre
 12980 | D:9      | Killed a two-headed ogre
 12980 | D:9      | Received a gift from Okawaru
 13370 | D:9      | Noticed a two-headed ogre
 13389 | D:9      | Killed a two-headed ogre
 13438 | D:9      | Reached skill level 12 in Maces & Flails
 14399 | D:10     | Entered Level 10 of the Dungeon
 14535 | D:10     | Found Wiutius's Book Boutique.
 14721 | D:10     | Reached XP level 12. HP: 84/86 MP: 18/18
 14945 | D:10     | Found a staircase to the Orcish Mines.
 15819 | D:11     | Noticed a two-headed ogre
 15828 | D:11     | Killed a two-headed ogre
 15828 | D:11     | Received a gift from Okawaru
 15828 | D:11     | Reached skill level 5 in Shields
 16620 | D:11     | Reached skill level 10 in Fighting
 16720 | Orc:1    | Entered Level 1 of the Orcish Mines
 17558 | Orc:1    | Noticed an ettin
 17569 | Orc:1    | Killed an ettin
 18046 | D:10     | Bought a book of Transfigurations for 825 gold pieces
 18053 | D:10     | Learned a level 6 spell: Statue Form
 18122 | D:8      | Killed a two-headed ogre
 18202 | Lair:1   | Entered Level 1 of the Lair of Beasts
 18208 | Lair:1   | Reached skill level 1 in Earth Magic
 18294 | Lair:1   | Reached skill level 1 in Transmutations
 18850 | Lair:1   | Reached skill level 5 in Invocations
 18917 | Lair:1   | Reached XP level 13. HP: 93/93 MP: 20/20
 19255 | Lair:2   | Found a dark tunnel.
 19265 | Volcano  | Entered a volcano
 19584 | Volcano  | Reached skill level 5 in Spellcasting
 19595 | Volcano  | Slain by a skeletal warrior

Vault maps used:
D:1:      minmay_arrival_four_houses
D:2:      uniq_terence
D:3:      lemuel_flame_loot_1
D:4:      cheibrodos_thug_alley, elyvilon_altar_5, first_ration, serial_shops,
          nicolae_shop_stone, okawaru_ov_weapons_minmay, uniq_menkaure,
          uniq_natasha, uniq_blork_the_orc, uniq_eustachio
D:5:      overflow_temple_1_default, minmay_temple_entry_poolview,
          nicolae_ossuary_entry_giza
D:6:      fedhas_altar_2, chequers_temple_overflow_minitemple, serial_park,
          serial_park_tiny_1, serial_park_paths, serial_park_tiny_1,
          serial_park_tiny_pond
D:7:      kennysheep_mini_moat, basic_altar, grunt_livestock
D:8:      david_lair_shrubbed, hex_medium, uniq_prince_ribbit1
D:9:      nicolae_whirlpool, enter_bailey_2, minmay_holes, ashenzari_altar_1
D:10:     david_orc_1_choice, serial_shops, shop, minmay_crystal_water,
          minmay_statue_bubble
D:11:     kennysheep_generic_room_15
Lair:2:   elwin_shoals_entry_rocks, lightli_volcano_entry_magma_tube
Ossuary:  minmay_ossuary_two_tombs
Bailey:   bailey_polearm_flooded_kennysheep, bailey
Volcano:  volcano_tomb

Skill      XL: |  1  2  3  4  5  6  7  8  9 10 11 12 13 |
---------------+----------------------------------------+-----
Stealth        | 3 4 5 6 7 8 |  8.0
Dodging        | 1 2 3 4 5 7 8 |  8.8
Fighting       | 2 3 4 5 7 8 9 10 | 10.4
Maces & Flails | 5 6 7 9 10 12 | 12.9
Invocations    | 2 3 4 5 |  5.0
Shields        | 4 6 |  6.0
Spellcasting   | 2 4 5 |  5.0
Earth Magic    | 1 3 |  3.0
Transmutations | 1 3 |  3.1
Hexes          | |  2.0

Action                   |  1- 3 |  4- 6 |  7- 9 | 10-12 | 13-15 || total
-------------------------+-------+-------+-------+-------+-------++-------
Melee: Mace              |    69 |    92 |       |       |       ||   161
       Tentacles         |     6 |    16 |    76 |   177 |    17 ||   292
       Constrict         |    16 |    18 |    95 |   108 |     4 ||   241
       Flail             |       |    20 |   413 |   806 |       ||  1239
       Punch             |       |       |     2 |    19 |     2 ||    23
       War axe           |       |       |       |    89 |    64 ||   153
 Fire: Blowgun           |       |       |       |    33 |       ||    33
Throw: Tomahawk          |       |       |     8 |    14 |       ||    22
       Stone             |       |       |     2 |     5 |       ||     7
       Javelin           |       |       |       |       |     1 ||     1
 Cast: Slow              |       |       |       |     9 |       ||     9
       Blink             |       |       |       |     1 |       ||     1
Invok: Heroism           |       |       |     5 |    30 |     4 ||    39
       Finesse           |       |       |       |     1 |     1 ||     2
Evoke: Wand              |       |       |       |    12 |     3 ||    15
  Use: Potion            |       |     1 |     1 |     3 |     2 ||     7
       Scroll            |       |       |    10 |    11 |     4 ||    25
 Stab: Sleeping          |    16 |     5 |    21 |    29 |     1 ||    72
       Distracted        |       |       |       |     3 |       ||     3
  Eat: Chunk             |       |     7 |    10 |    28 |       ||    45
       Ration            |       |       |     2 |     3 |     1 ||     6
Armor: Skin              |    10 |    23 |    64 |    82 |     4 ||   183
Dodge: Dodged            |    36 |    79 |   156 |   381 |    26 ||   678
Block: Other             |       |       |    34 |       |       ||    34
       Buckler           |       |       |    40 |   241 |       ||   281
       Reflection        |       |       |       |    25 |     2 ||    27
       Shield            |       |       |       |   205 |    70 ||   275

Table legend:
 A = Spawn XP
 B = Non-spawn XP
 C = Spawn XP percentage of total XP
 D = Spawn monster count
 E = Non-spawn monster count
 F = Spawn count percentage of total count
 G = Total turns spent on level
                    A         B        C        D         E        F      G
               +---------+---------+-------+---------+---------+-------+---------
         Total |       0 |   35767 |   0.0 |       0 |     461 |   0.0 | 19595
               +---------+---------+-------+---------+---------+-------+---------
           D:1 |       0 |      50 |   0.0 |       0 |      25 |   0.0 |   633
           D:2 |       0 |      94 |   0.0 |       0 |      21 |   0.0 |  1040
           D:3 |       0 |      76 |   0.0 |       0 |      24 |   0.0 |   897
           D:4 |       0 |    1104 |   0.0 |       0 |      34 |   0.0 |  1665
           D:5 |       0 |     701 |   0.0 |       0 |      29 |   0.0 |  1419
           D:6 |       0 |    1986 |   0.0 |       0 |      45 |   0.0 |  1878
           D:7 |       0 |    1959 |   0.0 |       0 |      27 |   0.0 |  1573
           D:8 |       0 |    3367 |   0.0 |       0 |      20 |   0.0 |  1272
           D:9 |       0 |    6758 |   0.0 |       0 |      42 |   0.0 |  2457
          D:10 |       0 |    3198 |   0.0 |       0 |      30 |   0.0 |  1549
          D:11 |       0 |    4857 |   0.0 |       0 |      27 |   0.0 |  1112
        Lair:1 |       0 |    2187 |   0.0 |       0 |      11 |   0.0 |  1015
        Lair:2 |       0 |     103 |   0.0 |       0 |       1 |   0.0 |    48
         Orc:1 |       0 |    3158 |   0.0 |       0 |      36 |   0.0 |   999
       Ossuary |       0 |     390 |   0.0 |       0 |      38 |   0.0 |   330
        Bailey |       0 |    2300 |   0.0 |       0 |      39 |   0.0 |  1359
       Volcano |       0 |    3479 |   0.0 |       0 |      12 |   0.0 |   330
               +---------+---------+-------+---------+---------+-------+---------
